 Dungeon Crawl Stone Soup version 0.28.0-53-g5a82cb258f (webtiles) character file.

Game seed: 9163193834587707723

11 Infinimo the Insei (level 2, -2/21 HPs)
             Began as a Merfolk Transmuter on June 10, 2022.
             Slain by a quokka (3 damage)
             ... on level 1 of the Dungeon.
             The game lasted 00:00:19 (161 turns).

Infinimo the Insei (Merfolk Transmuter)              Turns: 161, Time: 00:00:20

Health: -2/21      AC:  4    Str: 10    XL:     2   Next: 25%
Magic:  5/5        EV: 13    Int: 12    God:
Gold:   14         SH:  0    Dex: 14    Spells: 4/5 levels left

rFire   . . .      SeeInvis .     - Unarmed
rCold   . . .      Faith    .   (no shield)
rNeg    . . .      Spirit   .   a - +0 robe
rPois   .          Reflect  .   (no helmet)
rElec   .          Harm     .   (no cloak)
rCorr   .          Rampage  .   c - +1 pair of gloves
Will    .....                   (no boots)
Stlth   +.........              (no amulet)
HPRegen 0.07/turn               (no ring)
MPRegen 0.09/turn               (no ring)

@: no status effects
A: (nimble swimmer 2), mertail
a: no special abilities


You were on level 1 of the Dungeon.
You visited 1 branch of the dungeon, and saw 1 of its levels.

You collected 14 gold pieces.

Inventory:

Armour
 a - a +0 robe (worn)
 c - a +1 pair of gloves (worn)
Potions
 b - a potion of lignification {unknown}
 d - a potion of curing {unknown}


   Skills:
 + Level 1.3 Fighting
 + Level 2.9 Dodging
 * Level 3.6 Unarmed Combat
 + Level 2.1 Spellcasting
 + Level 3.0 Transmutations


You had 4 spell levels left.
You knew the following spells:

 Your Spells              Type           Power      Damage    Failure   Level
a - Beastly Appendage     Tmut           16%        N/A       8%          1

Your spell library contained the following spells:

 Spells                   Type           Power      Damage    Failure   Level
 Wereblood                Tmut           8%         N/A       12%         2
 Spider Form              Tmut/Pois      4%         N/A       41%         3
 Ice Form                 Ice/Tmut       4%         N/A       82%         4


Dungeon Overview and Level Annotations

Branches:
Dungeon (1/15)

Altars:


Innate Abilities, Weirdness & Mutations

((You are very nimble when in or above water. (Stealth+, EV+, Speed+++)))
Your lower body shifts to a powerful aquatic tail in water.


Message History

You closely miss the ball python. The ball python barely misses you.
The ball python constricts you.
The quokka bites you but does no damage.
You barely miss the ball python. The ball python closely misses you.
The ball python constricts you. The quokka barely misses you.
You hit the ball python.
The ball python is severely wounded.
The ball python closely misses you. The ball python constricts you.
The quokka bites you but does no damage.
You hit the ball python.
The ball python is severely wounded.
The ball python closely misses you. The ball python constricts you.
The quokka bites you.
You hit the ball python.
You kill the ball python!
The quokka bites you.
Your Transmutations skill increases to level 3!
You are too injured to fight recklessly!
You are too injured to fight recklessly!
You are too injured to fight recklessly!
You hit the quokka.
The quokka is almost dead.
A bat comes into view.
The quokka bites you.
* * * LOW HITPOINT WARNING * * *
You hit the quokka but do no damage.
The quokka is almost dead.
The quokka bites you.
* * * LOW HITPOINT WARNING * * *
You barely miss the quokka.
The quokka is almost dead.
The quokka bites you.
* * * LOW HITPOINT WARNING * * *
The bat hits you but does no damage.
You closely miss the quokka.
The quokka is almost dead.
The bat closely misses you.
The quokka bites you but does no damage.
The quokka bites you.
You die...

...# .... .....
#... ....... ...
....... ... .....#
##.# ##.....#
#..r###......#
#b@......'###
#........'...
#........#..r
#...|....#...
#.........#
####..†...#
####### #...†...#
#.##.....##
#)#######
##.#.......#####.#


You could see a quokka and a bat.

Vanquished Creatures
  An endoplasm (D:1)
  3 goblins (D:1)
  A kobold (D:1)
  A quokka (D:1)
  2 ball pythons (D:1)
  A rat (D:1)
9 creatures vanquished.

Notes
Turn   | Place    | Note
-------+----------+-------------------------------------------
     0 | D:1      | Infinimo the Merfolk Transmuter began the quest for the
                  | Orb.
     0 | D:1      | Reached XP level 1. HP: 15/15 MP: 3/3
   130 | D:1      | Reached XP level 2. HP: 20/21 MP: 5/5
   160 | D:1      | HP: 1/21 [quokka (2)]
   161 | D:1      | Slain by a quokka

Illustrated notes

Levels and vault maps discovered:
D:1:      scummos_arrival_star, layout_basic, serial_shops,
          nicolae_diamond_shop, chequers_avenue, minmay_three_crescents

Skill      XL: |  1  2 |
---------------+-------+-----
Transmutations | 3 |  3.0
Fighting       | |  1.3
Dodging        | |  2.9
Unarmed Combat | |  3.6
Spellcasting   | |  2.1

Action                   || total
-------------------------++-------
Melee: Unarmed           ||    25
       Punch             ||     1
Armor: Robe              ||    11
Dodge: Dodged            ||    12
